 Dungeon Crawl Stone Soup version 0.29.1-2-gbd0b4ee654 (webtiles) character file.

Game seed: 10048266919785778225

268 xian the Trooper (level 6, -3/39 HPs)
             Began as a Gargoyle Abyssal Knight on Nov 27, 2022.
             Was a Priest of Lugonu.
             Killed from afar by an orc wizard (11 damage)
             ... with a magic dart
             ... on level 3 of the Dungeon.
             The game lasted 00:07:26 (3315 turns).

xian the Trooper (Gargoyle Abyssal Knight)          Turns: 3315, Time: 00:07:27

Health: -3/39      AC: 14    Str: 19    XL:     6   Next: 21%
Magic:  8/8        EV: 10    Int: 10    God:    Lugonu [***...]
Gold:   177        SH:  0    Dex: 10    Spells: 5/5 levels left

rFire   . . .      SeeInvis .   n - +2 scimitar (elec)
rCold   + + .      Faith    .   (no shield)
rNeg    + . .      Spirit   .   a - +2 scale mail {rC+}
rPois   ∞          Reflect  .   (no helmet)
rElec   +          Harm     .   (no cloak)
rCorr   .          Rampage  .   f - +0 pair of gloves
Will    .....                   (no boots)
Stlth   ..........              (no amulet)
HPRegen 0.13/turn               p - ring of protection from cold
MPRegen 0.11/turn               (no ring)

@: no status effects
A: sickness immunity, AC +4, negative energy resistance 1, electricity
resistance, torment resistance 1, petrification resistance
a: Renounce Religion, Depart the Abyss, Bend Space, Banish


You were on level 3 of the Dungeon.
You worshipped Lugonu.
Lugonu was most pleased with you.
You visited 1 branch of the dungeon, and saw 3 of its levels.
You visited the Abyss 1 time.

You collected 177 gold pieces.

Inventory:

Hand Weapons
 n - a +2 scimitar of electrocution (weapon)
Armour
 a - a +2 scale mail of cold resistance (worn)
 f - a +0 pair of gloves (worn)
Magical Staves
 e - a staff of poison
 h - a staff of air
Jewellery
 p - a ring of protection from cold (left hand)
Scrolls
 d - a scroll of summoning
 g - a scroll of immolation {unknown}
 k - a scroll of identify {unknown}
 m - a scroll of fear {unknown}
 o - a scroll of vulnerability {unknown}
 r - a scroll of magic mapping {unknown}
Potions
 b - a potion of curing {unknown}
 i - 2 potions of might {unknown}
 l - 2 potions of magic


   Skills:
 + Level 4.3 Fighting
 * Level 0.4 Long Blades
 - Level 4.1 Maces & Flails
 + Level 3.1 Armour
 + Level 1.5 Dodging
 + Level 1.0 Stealth
 * Level 3.2 Invocations


You had 5 spell levels left.
You didn't know any spells.
Your spell library was empty.

Dungeon Overview and Level Annotations

Branches:
Dungeon (3/15)

Altars:


Innate Abilities, Weirdness & Mutations

You are immune to sickness and miasma.
Your stone body is resilient. (AC +4)
You are immune to poison.
You resist negative energy. (rN+)
You are resistant to electric shocks. (rElec)
You are resistant to unholy torment.
You are immune to petrification.


Message History

The orc wizard flickers and vanishes!
Deactivating autopickup; reactivate with Ctrl-A.
You hit the orc wizard.
The orc wizard is moderately wounded.
The orc wizard hits you with a +0 dagger.
You slash the orc wizard!
Lightning courses through the orc wizard!
You kill the orc wizard!
Lugonu accepts your kill. The orc misses you.
Unknown command.
You closely miss the orc. The orc hits you but does no damage.
You closely miss the orc. The orc closely misses you.
You closely miss the orc. The orc hits you with a +0 hand axe.
You closely miss the orc. You barely miss the orc.
The orc hits you with a +0 hand axe. The orc hits you but does no damage.
You closely miss the orc. The orc hits you but does no damage.
You hit the orc.
The orc is moderately wounded.
The orc hits you but does no damage.
You closely miss the orc.
The orc is moderately wounded.
The orc closely misses you. The orc barely misses you.
You slash the orc! Lightning courses through the orc!
You kill the orc!
Lugonu accepts your kill.
You closely miss something. Something hits you.
You barely miss something. Something hits you. x2
* * * LOW HITPOINT WARNING * * *
You completely miss something. Something hits you but does no damage.
You miss something. Something hits you but does no damage.
You miss something. Something hits you but does no damage. Something hits you.
* * * LOW HITPOINT WARNING * * *
You closely miss something. Something hits you but does no damage.
You barely miss something.
You hear some strange, mumbled words.
A magic dart appears from out of thin air!
The magic dart hits you!
You die...

#.........).## #.
#....)..... #.# .#
#...[###)### ..#.#.#
#.#...##.##.# #.#.#.#
#.#....#.###..
#.#.#.#.#.#...#.#...#
#.#.#.#.#.##.##)##..
#{#.#.#.###.#.#....
#@#.#.#.##.###8#..
#)#.#.#.###.##.....
#.#.#.#.#.##[##..###
#.#.#.#!#.#...#..#.##
#.#.#.#.#.#......####
#######.....†..###...
#...............
#..........##...
#..........#


There were no monsters in sight!

Vanquished Creatures
  Sigmund (D:2)
  An orc wizard (D:3)
  3 worms
  A dart slug (D:2)
  5 orcs (D:3)
  7 endoplasms
  2 giant cockroaches (D:1)
  10 goblins
  7 hobgoblins
  4 jackals (D:3)
  2 quokkas (D:1)
  4 ball pythons
  3 bats (D:2)
  3 frilled lizards
  7 kobolds
  2 rats
62 creatures vanquished.

Notes
Turn   | Place    | Note
-------+----------+-------------------------------------------
     0 | Abyss:1  | xian the Gargoyle Abyssal Knight began the quest for the
                  | Orb.
     0 | Abyss:1  | Reached XP level 1. HP: 14/14 MP: 2/2
     8 | Abyss:1  | Found a corrupted altar of Lugonu.
    44 | Abyss:1  | Noticed a small abomination
    62 | Abyss:2  | Noticed a large abomination
    78 | D:1      | Escaped the Abyss
   221 | D:1      | Reached ** piety under Lugonu
   253 | D:1      | Reached XP level 2. HP: 12/19 MP: 3/3
   434 | D:1      | Noticed a floating eye
   438 | D:1      | Noticed a floating eye
   440 | D:1      | Found a faded altar of an unknown god.
   442 | D:1      | Noticed a great orb of eyes
   442 | D:1      | Noticed a shining eye
  1190 | D:2      | Reached XP level 3. HP: 24/24 MP: 4/4
  1323 | D:2      | Reached skill level 1 in Dodging
  1779 | D:2      | Noticed Sigmund
  2711 | D:2      | Killed Sigmund
  2712 | D:2      | Reached XP level 4. HP: 10/29 MP: 4/6
  2712 | D:2      | Reached XP level 5. HP: 11/33 MP: 4/7
  2962 | D:3      | Reached skill level 1 in Stealth
  3193 | D:3      | Reached XP level 6. HP: 38/38 MP: 8/8
  3223 | D:3      | Reached *** piety under Lugonu
  3315 | D:3      | Killed from afar by an orc wizard

Illustrated notes

Levels and vault maps discovered:
D:1:      amcnicky_arrival_double_pillar, layout_loops_ring,
          hellmonk_ecumenical_altar_watching_god
D:2:      layout_loops_corners, nicolae_elevator_lobby_plus, uniq_sigmund
D:3:      layout_basic, amcnicky_mini_corridor_feature,
          corexii_item_surrounded_by_moat, minivault_23, guppyfry_early_orc_mine

Skill      XL: |  1  2  3  4  5 |
---------------+----------------+-----
Dodging        | 1 |  1.5
Maces & Flails | 4 |  4.1
Fighting       | 4 |  4.3
Invocations    | 3 |  3.2
Stealth        | 1 |  1.0
Armour         | 3 |  3.1
Long Blades    | |  0.4

Action                   |  1- 3 |  4- 6 || total
-------------------------+-------+-------++-------
Melee: Mace              |   136 |    32 ||   168
       Scimitar          |       |    37 ||    37
Invok: Depart the Abyss  |     1 |       ||     1
  Use: Potion            |     6 |       ||     6
       Scroll            |     2 |       ||     2
Armor: Leather armour    |    15 |       ||    15
       Ring mail         |    38 |       ||    38
       Skin              |    15 |       ||    15
       Robe              |       |    22 ||    22
       Scale mail        |       |    10 ||    10
Dodge: Dodged            |    70 |    41 ||   111
